 Dungeon Crawl Stone Soup version 0.29.1-12-g30fa7ad0bf (webtiles) character file.

Game seed: 563194685591588372

347 112233 the Ogre Mage (level 6, -2/62 HPs)
             Began as an Ogre Air Elementalist on Dec 22, 2022.
             Slain by a four-headed hydra (8 damage)
             ... on level 7 of the Dungeon.
             The game lasted 00:03:01 (5156 turns).

112233 the Ogre Mage (Ogre Air Elementalist)        Turns: 5156, Time: 00:03:02

Health: -2/62      AC:  4    Str: 13    XL:     6   Next: 59%
Magic:  23/23      EV:  9    Int: 18    God:
Gold:   168        SH:  0    Dex:  9    Spells: 5/15 levels left

rFire   . . .      SeeInvis .   h - +3 short sword (protect)
rCold   . . .      Faith    .   (no shield)
rNeg    . . .      Spirit   .   a - +0 robe
rPois   .          Reflect  .   (helmet restricted)
rElec   .          Harm     .   s - +0 cloak
rCorr   .          Rampage  .   (gloves unavailable)
Will    .....                   (boots unavailable)
Stlth   +.........              (no amulet)
HPRegen 0.20/turn               u - ring of magical power
MPRegen 0.18/turn               (no ring)

@: no status effects
A: large, unfitting armour, tough skin 1
a: no special abilities


You were on level 7 of the Dungeon.
You visited 1 branch of the dungeon, and saw 7 of its levels.

You collected 168 gold pieces.

Inventory:

Hand Weapons
 b - a +0 mace
 h - a +3 short sword of protection (weapon)
 i - a +0 short sword of electrocution
 j - a +4 club
 q - a +1 long sword of holy wrath
Armour
 a - a +0 robe (worn)
 s - a +0 cloak (worn)
Jewellery
 u - a ring of magical power (left hand)
Wands
 k - a wand of flame (15)
Scrolls
 c - a scroll of identify {unknown}
 d - 5 scrolls of teleportation {unknown}
 m - a scroll of poison
 t - a scroll of blinking {unknown}
 v - a scroll of silence {unknown}
Potions
 e - a potion of heal wounds {unknown}
 f - 2 potions of might {unknown}
 g - a potion of berserk rage {unknown}
 l - 2 potions of brilliance {unknown}
 n - a potion of degeneration {unknown}
 p - a potion of haste {unknown}
 r - a potion of attraction {unknown}


   Skills:
 + Level 3.7 Fighting
 - Level 1.9 Dodging
 - Level 1.5 Stealth
 * Level 5.3 Spellcasting
 - Level 1.1 Conjurations
 + Level 4.0 Air Magic


You had 5 spell levels left.
You knew the following spells:

 Your Spells              Type           Power      Damage    Failure   Level
a - Shock                 Conj/Air       56%        1d6       4%          1
b - Static Discharge      Conj/Air       14%        3-5/arc   7%          2
c - Airstrike             Air            9%         2d(2-18)  24%         4
d - Swiftness             Air            19%        N/A       8%          3

Your spell library contained the following spells:

 Spells                   Type           Power      Damage    Failure   Level
 Conjure Flame            Conj/Fire      6%         6-21      30%         3
 Ignite Poison            Fire/Tmut/Pois 4%         N/A       36%         3
 Sticky Flame             Conj/Fire      6%         2d3       71%         4
 Passage of Golubria      Tloc           4%         N/A       77%         4
 Silence                  Hex/Air        6%         N/A       83%         5
 Lehudib's Crystal Spear  Conj/Erth      3%         10d2      100%        8


Dungeon Overview and Level Annotations

Branches:
Dungeon (8/15)
 Temple: D:4-7         Lair: D:8-11

Altars:
Ashenzari
Elyvilon
Ru
Yredelemnul
Zin

Annotations:
D:4 Natasha


Innate Abilities, Weirdness & Mutations

You are too large for most types of armour.
You have tough skin. (AC +1)


Message History

Unknown command.
You start resting.
Unknown command.
You start resting.
Unknown command.
Unknown command.
You climb upwards.
The four-headed hydra roars!
The bullfrog gives a loud, deep croak!
The ufetubus shouts!
The four-headed hydra bites you. The four-headed hydra bites you! x2
The four-headed hydra bites you.
The orc shouts!
Found a sling, 4 stones and 15 gold pieces.
There is a stone staircase leading down here.
Unknown command.
The air fills with toxic fumes!
As you read the scroll labelled MIORUBB QAJUSCH, it crumbles to dust.
It was a scroll of poison.
The howler monkey howls!
A hound comes into view.
The ufetubus barely misses you. The ufetubus hits you.
The four-headed hydra barely misses you. x2
The four-headed hydra bites you but does no damage.
The four-headed hydra bites you!
As you read the scroll labelled PEYVVY HIHA, it crumbles to dust.
It is a scroll of enchant weapon.
Your +2 short sword of protection glows red for a moment.
The ufetubus hits you. The ufetubus barely misses you.
A jelly comes into view.
You hear a distant slurping noise.
The ufetubus hits you.
* * * LOW HITPOINT WARNING * * *
The ufetubus hits you but does no damage.
The four-headed hydra bites you.
* * * LOW HITPOINT WARNING * * *
The four-headed hydra barely misses you.
The four-headed hydra bites you.
* * * LOW HITPOINT WARNING * * *
The four-headed hydra bites you!
You die...

######
##§§§§##
##§§§§§.##
.J#.h#§D#..#
...(F#§@#..#
#.##§o§§5§##
##§§§§##
######


You could see a four-headed hydra, a bullfrog, a howler monkey, a jelly
(wandering), an orc and an ufetubus.

Vanquished Creatures
  A centaur (D:6)
  A killer bee (D:8)
  Jessica (D:2)
  Natasha (twice) (D:4)
  5 adders
  A shadow imp (D:6)
  A white imp (D:8)
  A worm (D:2)
  2 dart slugs (D:3)
  4 orcs
  8 ball pythons
  3 bats
  6 endoplasms
  3 giant cockroaches
  9 hobgoblins
  2 jackals (D:4)
  8 kobolds
  4 quokkas
  3 frilled lizards
  6 goblins
  5 rats
76 creatures vanquished.

Notes
Turn   | Place    | Note
-------+----------+-------------------------------------------
     0 | D:1      | 112233 the Ogre Air Elementalist began the quest for the
                  | Orb.
     0 | D:1      | Reached XP level 1. HP: 16/16 MP: 3/3
    33 | D:1      | Reached skill level 1 in Conjurations
   272 | D:1      | Reached XP level 2. HP: 23/24 MP: 5/5
   473 | D:1      | Learned a level 2 spell: Static Discharge
  1059 | D:2      | Reached skill level 3 in Spellcasting
  1059 | D:2      | Reached XP level 3. HP: 29/32 MP: 3/7
  1136 | D:2      | Reached skill level 1 in Fighting
  1353 | D:2      | Noticed Jessica
  1357 | D:2      | Killed Jessica
  1358 | D:2      | Reached XP level 4. HP: 41/42 MP: 5/9
  1545 | D:2      | Found a glowing silver altar of Zin.
  2436 | D:3      | Found a sacrificial altar of Ru.
  2436 | D:3      | Found a white marble altar of Elyvilon.
  2639 | D:3      | Identified the +0 leather armour of the Beginning {Str-5
                  | Int-5 Dex+7}
  2645 | D:3      | Reached skill level 4 in Spellcasting
  2890 | D:3      | Reached XP level 5. HP: 44/50 MP: 3/11
  3537 | D:3      | Found a basalt altar of Yredelemnul.
  3537 | D:3      | Found a broken altar of Ashenzari.
  4311 | D:4      | Noticed Natasha
  4317 | D:4      | Killed Natasha
  4385 | D:4      | Noticed Natasha
  4390 | D:4      | Killed Natasha
  4468 | D:4      | Noticed Natasha
  4471 | D:4      | Noticed an ice beast
  4473 | D:4      | You fall into a shaft and drop 2 floors!
  4562 | D:6      | Noticed a centaur
  4573 | D:6      | Killed a centaur
  4574 | D:6      | Reached skill level 5 in Spellcasting
  4574 | D:6      | Reached XP level 6. HP: 22/61 MP: 4/13
  4905 | D:8      | Learned a level 4 spell: Airstrike
  4909 | D:8      | Learned a level 3 spell: Swiftness
  5154 | D:7      | Noticed a four-headed hydra
  5156 | D:7      | Slain by a four-headed hydra

Illustrated notes

Levels and vault maps discovered:
D:1:      spicycebolla_arrival_ecumenical, layout_rooms, serial_bayou_pond_c
D:2:      layout_loops_cross, basic_altar, minmay_between, uniq_jessica
D:3:      layout_basic, gammafunk_temple_overflow_wave,
          gammafunk_temple_overflow_elements
D:4:      kennysheep_goblin_castle, layout_cave_pools, minmay_misc_feat_five,
          uniq_natasha
D:6:      layout_rooms
D:7:      layout_loops_corners, tso_metal_star, minmay_temple_entry_hall,
          serial_shops, shop, nzn_random_ring
D:8:      due_megacathedral, layout_basic

Skill      XL: |  1  2  3  4  5  6 |
---------------+-------------------+-----
Conjurations   | 1 |  1.1
Air Magic      | 3 4 |  4.0
Spellcasting   | 3 4 5 |  5.3
Fighting       | 1 2 3 |  3.7
Dodging        | |  1.9
Stealth        | |  1.5

Action                   |  1- 3 |  4- 6 || total
-------------------------+-------+-------++-------
Melee: Mace              |     9 |       ||     9
       Unarmed           |     6 |       ||     6
       Short sword       |    26 |     5 ||    31
 Cast: Shock             |    25 |    92 ||   117
       Static Discharge  |     7 |    21 ||    28
  Use: Potion            |     1 |       ||     1
       Scroll            |       |     2 ||     2
 Stab: Sleeping          |     3 |       ||     3
Armor: Robe              |    20 |    15 ||    35
Dodge: Dodged            |    23 |    32 ||    55
